 Dungeon Crawl Stone Soup version 0.28.0-53-g5a82cb258f (webtiles) character file.

Game seed: 4466219539489162577

5782 MisterFreud the Nimble (level 10, -8/73 HPs)
             Began as a Felid Berserker on June 1, 2022.
             Was an Elder of Trog.
             Mangled by an eight-headed hydra (11 damage)
             ... on level 11 of the Dungeon.
             The game lasted 00:12:56 (12643 turns).

MisterFreud the Nimble (Felid Berserker)           Turns: 12643, Time: 00:12:56

Health: -8/73      AC:  2    Str: 13    XL:     10   Next: 50%
Magic:  11/11      EV: 27    Int:  9    God:    Trog [****..]
Gold:   554        SH:  0    Dex: 20    Spells: 9/9 levels left
                                        Lives:  0   Deaths: 3

rFire   . . .      SeeInvis +     - Unarmed
rCold   . . .      Faith    .   (shield unavailable)
rNeg    . . .      Spirit   .   (armour unavailable)
rPois   +          Reflect  .   (helmet unavailable)
rElec   .          Harm     .   (cloak unavailable)
rCorr   .          Rampage  .   (gloves unavailable)
Will    +....                   (boots unavailable)
Stlth   ..........              (no amulet)
HPRegen 0.22/turn               a - ring of poison resistance
MPRegen 0.12/turn               (no ring)

@: berserking, studying Unarmed Combat, very quick
A: very small, claws 1, fangs 3, see invisible, speed 1, shaggy fur 2, stealthy
paws, no weapons or thrown items, no armour, multi-lived
a: Renounce Religion, Berserk, Trog's Hand, Brothers in Arms


You were on level 11 of the Dungeon.
You worshipped Trog.
Trog was greatly pleased with you.
You visited 1 branch of the dungeon, and saw 11 of its levels.
You also visited: Ossuary.

You collected 554 gold pieces.

Inventory:

Jewellery
 a - a ring of poison resistance (left paw)
 d - a ring of protection from fire
 o - an amulet of reflection
Wands
 h - a wand of acid (10)
 m - a wand of mindburst (16)
 n - a wand of digging (6)
 v - a wand of flame (23)
Scrolls
 b - 7 scrolls of teleportation
 f - 2 scrolls of fear
 g - 2 scrolls of magic mapping
 j - 4 scrolls of immolation
 l - 3 scrolls of identify
 p - a scroll of summoning
 r - 2 scrolls of torment
 u - a scroll of silence
 y - 2 scrolls of fog
Potions
 c - 3 potions of flight
 e - 4 potions of mutation
 k - a potion of brilliance
 q - 3 potions of curing
 s - 2 potions of heal wounds
 t - a potion of magic
 w - 4 potions of might
 z - a potion of lignification
 A - a potion of haste
Miscellaneous
 i - a piece from Xom's chessboard (15/15)


   Skills:
 + Level 9.3 Fighting
 - Level 12.0 Dodging
 + Level 11.5 Stealth
 - Level 10.0 Unarmed Combat
 - Level 5.0 Evocations


You had 9 spell levels left.
You didn't know any spells.
Your spell library was empty.

Dungeon Overview and Level Annotations

Branches:
Dungeon (11/15)            Temple (0/1) D:5            Lair (0/6) D:10
    Orc (0/2) D:10        Ossuary (visited)

Altars:
Makhleb

Shops:
D:1 !   D:4 :


Innate Abilities, Weirdness & Mutations

You have sharp claws.
You have razor-sharp teeth.
You have supernaturally acute eyesight. (SInv)
You cover ground quickly. (Speed+)
You are covered in thick fur. (AC +2)
Your paws help you pounce on unaware monsters.
You are incapable of wielding weapons or throwing items.
You cannot wear armour.
You gain extra lives every three experience levels.


Message History

A howler monkey comes into view.
The howler monkey howls!
You hear a howl!
The unseen horror completely misses you.
The eight-headed hydra roars!
You claw the unseen horror!
The unseen horror is moderately wounded.
The unseen horror hits you.
The unseen horror closely misses you. x2
There is a stone staircase leading up here.
A red film seems to cover your vision as you go berserk!
You feel yourself moving faster!
You feel mighty!
The unseen horror completely misses you.
The eight-headed hydra bites you.
The eight-headed hydra completely misses you.
The eight-headed hydra bites you! x2
The eight-headed hydra completely misses you. x2
The eight-headed hydra misses you.
The eight-headed hydra closely misses you.
You mangle the eight-headed hydra!!
Your claw misses the eight-headed hydra.
The eight-headed hydra is moderately wounded.
Unknown command.
You claw the eight-headed hydra! You bite the eight-headed hydra.
The eight-headed hydra is heavily wounded.
The eight-headed hydra barely misses you.
The eight-headed hydra completely misses you.
The eight-headed hydra bites you!
The eight-headed hydra completely misses you.
The eight-headed hydra bites you. The eight-headed hydra misses you. x2
The eight-headed hydra closely misses you.
The howler monkey barely misses you.
You claw the eight-headed hydra! x2
The eight-headed hydra is severely wounded.
The howler monkey barely misses you. The eight-headed hydra bites you! x2
* * * LOW HITPOINT WARNING * * *
The eight-headed hydra completely misses you. x2
The eight-headed hydra bites you!
* * * LOW HITPOINT WARNING * * *
The eight-headed hydra misses you. x2; The eight-headed hydra bites you!
You die...

##### .... #..
#D# #@# #h#
#......x.......
#.#.###.###.###
#.# #.# ... ###


You could see an eight-headed hydra, an unseen horror (invisible) and a howler
monkey.

Vanquished Creatures
  Harold (D:7)
  2 two-headed ogres (D:10)
  Nergalle (D:10)
  A manticore (D:8)
  An ugly thing (D:8)
  2 kobold demonologists
  2 trolls
  A hornet (D:9)
  Prince Ribbit (D:9)
  A wraith (D:9)
  6 yaks (D:9)
  2 wyverns
  A steam dragon (D:7)
  2 water moccasins
  3 ice beasts
  4 orc warriors
  A black bear (D:8)
  A centaur (D:10)
  2 ogres
  A phantom (D:5)
  A kobold brigand (D:6)
  A bullfrog (D:8)
  2 gnoll sergeants (D:7)
  3 scorpions
  9 wights (D:7)
  16 killer bees
  A centaur zombie (D:7)
  2 hounds
  3 orc priests
  A centaur skeleton (D:6)
  4 jellies
  Natasha (D:4)
  Terence (D:3)
  2 iguanas (D:5)
  3 orc wizards
  2 killer bee zombies
  A hound zombie (D:5)
  A hound skeleton (D:4)
  13 mummies (Ossuary)
  Robin (D:4)
  9 gnolls
  7 adders
  A howler monkey skeleton (D:6)
  A shadow imp (D:3)
  2 white imps
  2 worms
  A dart slug (D:2)
  21 orcs
  A bat (D:2)
  10 endoplasms
  8 giant cockroaches
  7 goblins
  11 hobgoblins
  4 jackals (D:3)
  6 ball pythons
  2 frilled lizards
  A gnoll skeleton (Ossuary)
  2 goblin skeletons (Ossuary)
  10 kobolds
  2 kobold skeletons (Ossuary)
  3 orc skeletons (Ossuary)
  5 rats
  11 rat skeletons (Ossuary)
  A butterfly (D:5)
232 creatures vanquished.

Vanquished Creatures (others)
  A fungus (D:7)
1 creature vanquished.

Grand Total: 233 creatures vanquished

Notes
Turn   | Place    | Note
-------+----------+-------------------------------------------
     0 | D:1      | MisterFreud the Felid Berserker began the quest for the
                  | Orb.
     0 | D:1      | Reached XP level 1. HP: 10/10 MP: 2/2
   145 | D:1      | Reached skill level 1 in Stealth
   208 | D:1      | Found a faded altar of an unknown god.
   219 | D:1      | Reached XP level 2. HP: 14/14 MP: 3/3
   270 | D:1      | Found Gommitupt's Distillery.
   744 | D:2      | Reached XP level 3. HP: 17/17 MP: 4/4
  1138 | D:2      | Reached ** piety under Trog
  1230 | D:3      | Reached XP level 4. HP: 21/21 MP: 5/5
  1386 | D:3      | Noticed Terence
  1394 | D:3      | Killed Terence
  2377 | D:4      | Reached XP level 5. HP: 24/24 MP: 6/6
  2417 | D:4      | Reached skill level 5 in Stealth
  2444 | D:4      | Reached skill level 5 in Unarmed Combat
  2487 | D:4      | Noticed Robin
  2490 | D:4      | Killed Robin
  2785 | D:4      | Found Ovuesk's Book Emporium.
  2870 | D:4      | Gained mutation: You are covered in thick fur. (AC +2)
                  | [Felid growth]
  2870 | D:4      | Reached XP level 6. HP: 10/28 MP: 7/7
  3247 | D:4      | Noticed Natasha
  3253 | D:4      | Killed Natasha
  3496 | D:4      | You fall into a shaft and drop 3 floors!
  3496 | D:7      | Found a burning altar of Makhleb.
  3658 | D:6      | Reached *** piety under Trog
  4073 | D:6      | Reached skill level 5 in Dodging
  4169 | D:5      | Entered Level 5 of the Dungeon
  4169 | D:5      | Found a staircase to the Ecumenical Temple.
  4174 | D:5      | Reached XP level 7. HP: 31/31 MP: 8/8
  4210 | D:5      | Reached skill level 6 in Dodging
  4391 | D:5      | Reached skill level 7 in Dodging
  5019 | D:5      | Reached skill level 8 in Dodging
  5279 | D:5      | Reached skill level 9 in Dodging
  5646 | D:6      | Reached XP level 8. HP: 34/34 MP: 9/9
  6470 | D:7      | Reached skill level 10 in Dodging
  6483 | D:7      | Reached skill level 1 in Evocations
  6638 | D:8      | Found a sand-covered staircase.
  6642 | Ossuary  | Entered an ossuary
  7270 | D:8      | Reached skill level 5 in Fighting
  7376 | D:7      | Reached XP level 9. HP: 40/40 MP: 10/10
  7382 | D:7      | Reached skill level 5 in Evocations
  7383 | D:7      | Reached **** piety under Trog
  7395 | D:7      | Slain by a steam dragon
  7396 | D:7      | Reached XP level 8. HP: -4/38 MP: 9/9
  8198 | D:7      | Noticed Harold
  8209 | D:7      | Slain by Harold
  8210 | D:7      | Reached XP level 7. HP: -2/34 MP: 8/8
  8244 | D:7      | Reached XP level 8. HP: 36/39 MP: 9/9
  8551 | D:7      | Killed Harold
  9039 | D:8      | Noticed a manticore
  9046 | D:8      | Killed a manticore
  9047 | D:8      | Reached skill level 11 in Dodging
  9047 | D:8      | Reached XP level 9. HP: 43/43 MP: 10/10
  9092 | D:8      | Noticed a cyan ugly thing
  9100 | D:8      | Killed a cyan ugly thing
  9311 | D:8      | Noticed a troll
  9318 | D:8      | Killed a troll
  9650 | D:8      | HP: 2/43 [orc warrior/+0 halberd (15)]
  9920 | D:8      | Identified a scroll of acquirement
  9920 | D:8      | Acquired a manual of Unarmed Combat
 10216 | D:9      | Reached XP level 10. HP: 32/47 MP: 11/11
 10228 | D:9      | Slain by a yak
 10229 | D:9      | Reached XP level 9. HP: -5/43 MP: 10/10
 10501 | D:9      | Reached skill level 10 in Unarmed Combat
 11164 | D:9      | Noticed a kobold demonologist
 11171 | D:9      | Killed a kobold demonologist
 11172 | D:9      | Reached skill level 12 in Dodging
 11300 | D:9      | Noticed Prince Ribbit
 11304 | D:9      | Killed Prince Ribbit
 11305 | D:9      | Reached skill level 10 in Stealth
 11351 | D:10     | Entered Level 10 of the Dungeon
 11466 | D:10     | Noticed a two-headed ogre
 11473 | D:10     | Killed a two-headed ogre
 11474 | D:10     | Reached XP level 10. HP: 49/49 MP: 11/11
 11665 | D:10     | Found a staircase to the Lair.
 11867 | D:10     | Noticed a two-headed ogre
 11881 | D:10     | Killed a two-headed ogre
 12241 | D:10     | Noticed Nergalle
 12256 | D:10     | Killed Nergalle
 12373 | D:10     | Found a staircase to the Orcish Mines.
 12636 | D:11     | Noticed an eight-headed hydra
 12643 | D:11     | HP: 3/73 [eight-headed hydra (15)]
 12643 | D:11     | Mangled by an eight-headed hydra

Illustrated notes

Levels and vault maps discovered:
D:1:      minmay_arrival_radiant_lines, layout_loops_cross, serial_shops,
          nicolae_shop_hallway_plus, hellmonk_ecumenical_altar_lost_god
D:2:      layout_rooms
D:3:      layout_basic, uniq_terence
D:4:      layout_loops_ring, serial_shops, shop, minmay_vboxes, uniq_robin,
          uniq_natasha
D:5:      layout_cave_pools, minmay_temple_entry_butterflies,
          grunt_decor_junction
D:6:      layout_gridville
D:7:      layout_layer_cave, mainiacjoe_overflow_boulevard, serial_glass,
          glass_columns_a, glass_columns_a, glass_columns_b, glass_columns_b,
          glass_columns_a, minmay_strange_pillars, item_on_display_a,
          uniq_harold
D:8:      minmay_opposing_rooms, layout_cave_pools, nicolae_ossuary_entry_plus
D:9:      layout_loops_cross, uniq_prince_ribbit1
D:10:     layout_grid_maze, lair_entry_dummy, orc_0_dummy,
          kennysheep_generic_room_10, uniq_nergalle
D:11:     layout_loops_ring, portal_ice_cave_entry_pillars_1, minmay_radiant,
          uniq_snorg

Skill      XL: |  1  2  3  4  5  6  7  8  9 10 |
---------------+-------------------------------+-----
Stealth        | 1 2 3 4 6 7 10 11 | 11.5
Unarmed Combat | 4 5 6 7 10 | 10.0
Dodging        | 5 9 11 12 | 12.0
Evocations     | 4 5 |  5.0
Fighting       | 7 8 9 |  9.3

Action                   |  1- 3 |  4- 6 |  7- 9 | 10-12 || total
-------------------------+-------+-------+-------+-------++-------
Melee: Unarmed           |    51 |   161 |   529 |    44 ||   785
       Bite              |     6 |    17 |    75 |     5 ||   103
       Punch             |       |     7 |    31 |     5 ||    43
Invok: Berserk           |       |     4 |    14 |     3 ||    21
       Trog's Hand       |       |     1 |     4 |       ||     5
  Use: Scroll            |       |       |    25 |       ||    25
 Stab: Sleeping          |    13 |    11 |    20 |     2 ||    46
       Distracted        |       |       |     1 |       ||     1
Armor: Skin              |       |     1 |    11 |     1 ||    13
Dodge: Dodged            |    22 |   127 |   477 |    54 ||   680
